AoeStats
← kızılelma

Arabian Desert

510267479Analyzed
1v1 RM · 6h ago on Sep 30, 2026· 59m 33s· 2 players
Game mode
Random Map
Map size
Tiny (2 player)
Population
200
Speed
Normal
Resources
Standard
Victory
Conquest
Starting age
Dark Age
Ending age
Imperial Age
RankedLock teamsTeams togetherTeam positionsShared explorationLock speedFull tech treeHidden civsTurbo modeCheats
Victory
Defeat
🇹🇷 Franks · Türkiye
426
+19
🇺🇸 Mapuche · United States
499
-19
kızılelma
0:52 Loom
14:23 Feudal Age
16:17 Wheelbarrow
16:11 Double-Bit Axe
18:03 Gold Mining
18:04 Stone Mining
20:16 Man-at-Arms
20:42 Arson
30:53 Castle Age
29:23 Arson
31:15 Pikeman
31:55 Squires
36:00 Gambesons
38:46 Hand Cart
51:27 Imperial Age
53:25 Long Swordsman
57:09 Two-Handed Swordsman
Tatertothaha
12:17 Feudal Age
12:20 Champi Runner
14:10 Wheelbarrow
13:24 Double-Bit Axe
16:09 Arson
26:05 Castle Age
36:23 Gold Mining
41:17 Imperial Age
43:01 Conscription
44:41 Champi Warrior
46:16 Onager
Connection lost

Rejoining the realm…

Still unreachable

The connection could not be restored.

Session expired

The server has moved on; the page needs a fresh start.